 Dungeon Crawl Stone Soup version 0.24-a0-813-g0f74319 (webtiles) character file.

Game seed: 12797568465604182016, levelgen mode: deterministic

189 KarmaPolice the Sneak (level 5, -1/28 HPs)
             Began as a Vine Stalker Assassin on Oct 12, 2019.
             Killed from afar by an orc wizard (7 damage)
             ... with a puff of frost
             ... on level 4 of the Dungeon.
             The game lasted 00:07:40 (2756 turns).

KarmaPolice the Sneak (Vine Stalker Assassin)       Turns: 2756, Time: 00:07:40

Health: -1/28      AC:  3    Str: 15    XL:     5   Next: 68%
Magic:  0/6        EV: 14    Int: 11    God:
Gold:   194        SH:  0    Dex: 15    Spells: 4/4 levels left

rFire    . . .     SeeInvis .   a - +2 dagger
rCold    . . .     Gourm    .   (no shield)
rNeg     . . .     Faith    .   b - +0 robe
rPois    .         Spirit   +   (no helmet)
rElec    .         Reflect  .   c - +0 cloak
rCorr    .         Harm     .   (no gloves)
MR       +....                  (no boots)
Stlth    +++.......             (no amulet)
HPRegen  0.49/turn              i - +3 ring of evasion
MPRegen  0.10/turn              n - ring of protection from magic

@: no status effects
A: fangs 2, regeneration 1, magic shield, antimagic bite, no potion heal 3, rot
immunity
a: no special abilities


You were on level 4 of the Dungeon.
You were not hungry.

You visited 1 branch of the dungeon, and saw 4 of its levels.

You collected 194 gold pieces.

Inventory:

Hand Weapons
 a - a +2 dagger (weapon)
 s - a +0 falchion
Missiles
 e - 2 curare-tipped darts (quivered)
 k - 83 stones
Armour
 b - a +0 robe (worn)
 c - a +0 cloak (worn)
 r - a +0 pair of gloves
Jewellery
 i - a +3 ring of evasion (left hand)
 n - a ring of protection from magic (right hand)
Scrolls
 g - 3 scrolls of remove curse
 h - a scroll of immolation
 l - a scroll of identify
 t - a scroll of teleportation
 w - a scroll of enchant weapon {unknown}
Potions
 j - a potion of invisibility {unknown}
 m - 3 potions of flight {unknown}
 o - a potion of cancellation {unknown}
 p - 2 potions of heal wounds {unknown}
 q - a potion of resistance {unknown}
 v - a potion of curing {unknown}
Comestibles
 f - 5 rations
 u - 2 chunks of flesh


   Skills:
 + Level 3.0 Fighting
 - Level 2.6(2.7) Short Blades
 + Level 1.1(2.0) Long Blades
 + Level 2.9 Throwing
 - Level 0.7 Dodging
 + Level 6.0 Stealth


You had 4 spell levels left.
You didn't know any spells.
Your spell library was empty.

Dungeon Overview and Level Annotations

Branches:
Dungeon (4/15)
 Temple: D:4-7

Altars:
Makhleb
Wu Jian
Xom

Annotations:
D:3 1 runed translucent door, heikuro's ghost, amateur FoFi


Innate Abilities, Weirdness & Mutations

You have extremely sharp teeth.
Your natural rate of healing is unusually fast.
When hurt, damage is shared between your health and your magic reserves.
Your bite disrupts and absorbs the magic of your enemies.
Potions cannot restore your health.
You are immune to rotting.


Message History

* * * LOW HITPOINT WARNING * * *
Something barely misses you.
You hit the orc wizard but do no damage.
You bite the orc wizard, but do no damage.
The orc wizard hits you but does no damage.
The orc wizard closely misses you.
Throwing (i - inventory. (/) - cycle)
d - a poisoned dart (quivered)
Press: ? - help, Shift-Dir - straight line, f/p - orc wizard
Aim: an orc wizard, wielding a +0 quarterstaff and wearing a +0 robe (moderately wounded, fast, poisoned)
You throw a poisoned dart.
The poisoned dart barely misses the orc wizard.
Something hits you.
* * * LOW HITPOINT WARNING * * *
The orc wizard completely misses you.
You hit something but do no damage. You bite something.
Something hits you but does no damage. The orc wizard completely misses you.
You closely miss something. Your bite misses something.
The orc wizard gestures at you while chanting.
The puff of frost hits you!
You die...

....# ..# #..#. #.....'...##
....# #.###..#.############....#
....####...................)).>..
....o.................[.........#
#...####o.......................#
....# #.....................#...#
....# #........#............#...+
o...# #.########............#...+
.r..###.########@................
.............(.o.................
.######'#######......###.........
. .... ...##### #######... .
...... #.#.# #######...
.......... ..#.. #.........
......... ..###.. ...........
######+###..# #.. ........#.. .#
#.. ........#..


You could see an orc wizard.

Vanquished Creatures
  An orc priest (D:4)
  An iguana (D:4)
  4 adders
  2 oozes
  A worm (D:2)
  4 dart slugs
  2 leopard geckos
  3 orcs
  3 ball pythons
  6 bats
  6 giant cockroaches
  6 goblins
  5 hobgoblins
  3 jackals (D:3)
  A quokka (D:2)
  3 frilled lizards
  13 kobolds
  14 rats
78 creatures vanquished.

Notes
Turn   | Place    | Note
-------+----------+-------------------------------------------
     0 | D:1      | KarmaPolice the Vine Stalker Assassin began the quest for
                  | the Orb.
     0 | D:1      | Reached XP level 1. HP: 11/11 MP: 2/2
    80 | D:1      | Reached skill level 5 in Stealth
    80 | D:1      | Reached XP level 2. HP: 4/15 MP: 1/3
   790 | D:1      | Reached XP level 3. HP: 18/18 MP: 4/4
  1443 | D:2      | Gained mutation: Your natural rate of healing is unusually
                  | fast. [Vine Stalker growth]
  1443 | D:2      | Reached XP level 4. HP: 20/23 MP: 3/5
  1960 | D:3      | Found a shimmering altar of Xom.
  2015 | D:3      | Found a burning altar of Makhleb.
  2138 | D:3      | Found a runed translucent door.
  2142 | D:3      | Noticed heikuro's ghost (amateur FoFi)
  2467 | D:3      | Reached XP level 5. HP: 25/27 MP: 6/6
  2728 | D:4      | Found an ornate altar of the Wu Jian Council.
  2729 | D:4      | Reached skill level 1 in Long Blades
  2729 | D:4      | Reached skill level 6 in Stealth
  2756 | D:4      | Killed from afar by an orc wizard

Levels and vault maps discovered:
D:1:      psy_arrival_radial01, layout_basic, st_stairs_2, minmay_vboxes
D:2:      layout_basic, minmay_indecisive_spiral
D:3:      layout_basic, marbit_many_paths, lemuel_round_altar, first_ration,
          ebering_ghost_sewer_d, kennysheep_generic_room_3
D:4:      layout_basic, nicolae_overflow_crystal_walls, enter_ossuary_5,
          serial_shops, kennysheep_mini, tso_metal_star

Skill      XL: |  1  2  3  4  5 |
---------------+----------------+-----
Fighting       | 2 3 |  3.0
Stealth        | 5 6 |  6.0
Short Blades   | 2 |  2.6
Throwing       | 2 |  2.9
Long Blades    | 1 |  1.1
Dodging        | |  0.7

Action                   |  1- 3 |  4- 6 || total
-------------------------+-------+-------++-------
Melee: Dagger            |    84 |   106 ||   190
       Bite              |    20 |    34 ||    54
Throw: Dart              |     2 |    15 ||    17
       Stone             |     3 |       ||     3
  Use: Scroll            |       |     3 ||     3
 Stab: Sleeping          |    11 |    11 ||    22
  Eat: Chunk             |     2 |     4 ||     6
Armor: Robe              |     9 |    14 ||    23
Dodge: Dodged            |    33 |    47 ||    80

Table legend:
 A = Non-vault XP
 B = Vault XP
 C = Vault XP percentage of total XP
 D = Non-vault monster count
 E = Vault monster count
 F = Vault count percentage of total count
                 A         B        C        D         E       F
            +---------+---------+-------+---------+---------+-------
      Total |     243 |      27 |  10.0 |      68 |      10 |  12.8
            +---------+---------+-------+---------+---------+-------
        D:1 |      30 |       9 |  23.1 |      17 |       4 |  19.0
        D:2 |      55 |      14 |  20.3 |      29 |       4 |  12.1
        D:3 |      54 |       4 |   6.9 |      16 |       2 |  11.1
        D:4 |     104 |       0 |   0.0 |       6 |       0 |   0.0
            +---------+---------+-------+---------+---------+-------
